 Dungeon Crawl Stone Soup version 0.25.0-46-gbd7b085 (webtiles) character file.

Game seed: 1338881589702363570

384947 danr the Impregnable (level 22, 0/313 HPs)
             Began as a Hill Orc Fighter on July 9, 2020.
             Was a High Priest of Beogh.
             Slain by a golden dragon (9 damage)
             ... on level 4 of the Vaults on July 13, 2020.
             The game lasted 06:36:13 (48265 turns).

danr the Impregnable (Hill Orc Fighter)            Turns: 48265, Time: 06:36:14

Health: 0/313      AC: 38    Str: 27    XL:     22   Next: 97%
Magic:  35/36      EV: 16    Int:  6    God:    Beogh [*****.]
Gold:   4941       SH:  0    Dex: 15    Spells: 19/34 levels left

rFire    + + .     SeeInvis +   A - +9 dire flail (elec)
rCold    + + +     Gourm    .   (shield currently unavailable)
rNeg     + . .     Faith    .   l - +12 chain mail of Rastroung {*Drain +Inv rElec rC+++}
rPois    +         Spirit   .   v - +2 helmet
rElec    +         Reflect  .   g - scarf {rC+ rF+}
rCorr    +         Harm     .   k - +0 pair of gloves of the Echidna {rF+ Regen+ SInv}
MR       +++..     Rnd*Rage +   V - +2 pair of boots of the End {rN+ MR+ Dex+3 Stlth+}
Stlth    ..........             a - amulet "Gieckipn" {Acrobat +Inv}
HPRegen  1.02/turn              F - ring of protection from magic
MPRegen  0.25/turn              O - ring of resist corrosion

@: berserking, hasted, very quick
A: walk on water, talons 1, berserk 2, dopey 1, high mp 1, poison resistance,
MP-powered wands
}: 2/15 runes: serpentine, barnacled
a: Smiting, Recall Orcish Followers, Give Item to Named Follower, Renounce
Religion, Evoke Invisibility


You were on level 4 of the Vaults.
You worshipped Beogh.
Beogh was extremely pleased with you.
You were not hungry.

You visited 7 branches of the dungeon, and saw 39 of its levels.
You visited the Abyss 1 time.
You also visited: Ossuary, Ice Cave and Volcano.

You collected 7032 gold pieces.
You spent 2091 gold pieces at shops.

Inventory:

Hand Weapons
 A - a +9 dire flail of electrocution (weapon)
 Y - the +9 mace of Nautumu {flame, +Fly rF++}
   (You found it on level 2 of the Vaults)

   It has been specially enchanted to burn those struck by it, causing extra
   injury to most foes and up to half again as much damage against particularly
   susceptible opponents.
   It greatly protects you from fire.
   It lets you fly.
Missiles
 b - 4 boomerangs of dispersal
 u - 68 poisoned darts (quivered)
 L - 12 silver javelins
Armour
 g - a scarf of resistance (worn)
 k - the +0 pair of gloves of the Echidna (worn) {rF+ Regen+ SInv}
   (You acquired it on level 1 of the Elven Halls)

   It protects you from fire.
   It lets you see invisible.
   It increases your rate of regeneration.
 l - the +12 chain mail of Rastroung (worn) {*Drain +Inv rElec rC+++}
   (You took it off an orc on level 1 of the Elven Halls)

   It renders you almost immune to cold.
   It insulates you from electricity.
   It lets you turn invisible.
   It causes draining when unequipped.
 v - a +2 helmet (worn)
 H - a +2 kite shield
 V - the +2 pair of boots of the End (worn) {rN+ MR+ Dex+3 Stlth+}
   (You found it in an ice cave)

   It affects your dexterity (+3).
   It protects you from negative energy.
   It affects your resistance to hostile enchantments.
   It makes you more stealthy.
Jewellery
 a - the amulet "Gieckipn" (around neck) {Acrobat +Inv}
   (You found it on level 3 of the Elven Halls)

   [amulet of the acrobat]

   It helps you evade while moving and waiting.
   It lets you turn invisible.
 e - an uncursed ring of protection from fire
 n - an uncursed ring of protection from cold
 C - an uncursed ring of see invisible
 F - a ring of protection from magic (left hand)
 O - a ring of resist corrosion (right hand)
Wands
 o - a wand of disintegration (32)
 x - a wand of iceblast (23)
 z - a wand of random effects (16)
 D - a wand of flame (116)
 E - a wand of polymorph (30)
 N - a wand of enslavement (15)
 Q - a wand of digging (18)
 R - a wand of paralysis (19)
 W - a wand of acid (7)
Scrolls
 d - 2 scrolls of summoning
 j - 4 scrolls of blinking
 m - 20 scrolls of remove curse
 q - a scroll of silence
 s - 9 scrolls of magic mapping
 w - 10 scrolls of teleportation
 y - 7 scrolls of fog
 B - 4 scrolls of fear
Potions
 i - a potion of cancellation
 p - a potion of haste
 t - 16 potions of curing
 K - 4 potions of flight
 S - 3 potions of heal wounds
 U - 4 potions of mutation
Miscellaneous
 h - a phantom mirror
 G - a lightning rod (2/4)
 M - 2 boxes of beasts
 X - a phial of floods
Comestibles
 f - 50 rations


   Skills:
 + Level 19.8 Fighting
   Level 6.5(12.5) Axes
 - Level 14.0(14.3) Maces & Flails
 + Level 10.1 Throwing
 * Level 23.2 Armour
 + Level 10.4 Dodging
 - Level 0.2 Stealth
 - Level 4.9 Shields
 + Level 6.8 Spellcasting
 - Level 4.3 Invocations
 * Level 14.7 Evocations


You had 19 spell levels left.
You knew the following spells:

 Your Spells              Type           Power        Failure   Level  Hunger
a - Sandblast             Erth           #.....       54%         1    #......
b - Animate Skeleton      Necr           N/A          54%         1    #......
c - Sticky Flame          Conj/Fire      #.......     99%         4    #####..
d - Apportation           Tloc           #.....       54%         1    #......
e - Corona                Hex            #......      54%         1    #......
f - Foxfire               Conj/Fire      #...         54%         1    #......
g - Pain                  Necr           #...         54%         1    #......
h - Shock                 Conj/Air       #...         54%         1    #......
i - Sting                 Tmut/Pois      #...         54%         1    #......
j - Summon Small Mammal   Summ           #...         54%         1    #......
k - Call Imp              Summ           #.......     67%         2    ##.....

Your spell library contained the following spells:

 Spells                   Type           Power        Failure   Level  Hunger
 Beastly Appendage        Tmut           #.....       54%         1    #......
 Magic Dart               Conj           #...         54%         1    #......
 Passwall                 Tmut/Erth      #.......     67%         2    ##.....
 Poisonous Vapours        Pois/Air       #.....       67%         2    ##.....
 Searing Ray              Conj           #.....       67%         2    ##.....
 Sticks to Snakes         Tmut           #.......     67%         2    ##.....
 Swiftness                Chrm/Air       #.......     67%         2    ##.....
 Call Canine Familiar     Summ           #.......     88%         3    ###....
 Confusing Touch          Hex            #.......     88%         3    ###....
 Conjure Flame            Conj/Fire      #.......     88%         3    ###....
 Dazzling Flash           Conj/Hex       #.....       88%         3    ###....
 Gell's Gravitas          Tloc           #.........   88%         3    ###....
 Ignite Poison            Fire/Tmut/Pois #.......     88%         3    ###....
 Mephitic Cloud           Conj/Pois/Air  #.......     88%         3    ###....
 Spectral Weapon          Hex/Chrm       #.......     88%         3    ###....
 Spider Form              Tmut/Pois      #.........   88%         3    ###....
 Static Discharge         Conj/Air       #.......     88%         3    ###....
 Stone Arrow              Conj/Erth      #.....       88%         3    ###....
 Summon Guardian Golem    Hex/Summ       #.......     88%         3    ###....
 Airstrike                Air            #.........   99%         4    #####..
 Fulminant Prism          Conj/Hex       #.........   99%         4    #####..
 Hailstorm                Conj/Ice       #.......     99%         4    #####..
 Ice Form                 Ice/Tmut       #.......     99%         4    #####..
 Iskenderun's Mystic Bla  Conj/Tloc      #.......     99%         4    #####..
 Leda's Liquefaction      Hex/Erth       #.........   99%         4    #####..
 Olgreb's Toxic Radiance  Pois           #.......     99%         4    #####..
 Petrify                  Tmut/Erth      #.......     99%         4    #####..
 Summon Ice Beast         Ice/Summ       #.......     99%         4    #####..
 Summon Lightning Spire   Summ/Air       #.......     99%         4    #####..
 Agony                    Necr           #.......     100%        5    ######.
 Blade Hands              Tmut           #.........   100%        5    ######.
 Bolt of Magma            Conj/Fire/Erth #.........   100%        5    ######.
 Excruciating Wounds      Chrm/Necr      #.........   100%        5    ######.
 Fireball                 Conj/Fire      #.........   100%        5    ######.
 Iskenderun's Battlesphe  Conj/Chrm      #.......     100%        5    ######.
 Lee's Rapid Deconstruct  Erth           #.........   100%        5    ######.
 Lightning Bolt           Conj/Air       #.........   100%        5    ######.
 Metabolic Englaciation   Hex/Ice        #.........   100%        5    ######.
 Silence                  Hex/Air        #.........   100%        5    ######.
 Yara's Violent Unravell  Hex/Tmut       #.........   100%        5    ######.
 Freezing Cloud           Conj/Ice/Air   #.........   100%        6    #######
 Hydra Form               Tmut           #.........   100%        6    #######
 Iron Shot                Conj/Erth      #.........   100%        6    #######
 Starburst                Conj/Fire      #.........   100%        6    #######
 Statue Form              Tmut/Erth      #........    100%        6    #######
 Malign Gateway           Summ/Tloc      #.........   100%        7    #######
 Monstrous Menagerie      Summ           #.........   100%        7    #######
 Orb of Destruction       Conj           #.........   100%        7    #######
 Ring of Flames           Chrm/Fire      #.........   100%        7    #######
 Spellforged Servitor     Conj/Summ      #.........   100%        7    #######
 Summon Greater Demon     Summ           #.........   100%        7    #######
 Controlled Blink         Tloc           N/A          100%        8    #######
 Disjunction              Tloc           #.........   100%        8    #######
 Ignition                 Fire           #.........   100%        8    #######
 Summon Horrible Things   Summ           #.........   100%        8    #######
 Shatter                  Erth           #.........   100%        9    #######


Dungeon Overview and Level Annotations

Branches:
Dungeon (15/15)            Temple (0/1) D:6            Lair (6/6) D:10
 Shoals (4/4) Lair:2        Snake (4/4) Lair:2        Slime (0/5) Lair:5
    Orc (2/2) D:9             Elf (3/3) Orc:2        Vaults (5/5) D:13
  Crypt (0/3) Vaults:3    Ossuary (visited)           IceCv (visited)
Volcano (visited)
 Depths: D:15

Altars:
Cheibriados
Dithmenos
Makhleb
Okawaru
Qazlal
Uskayaw
Vehumet
Wu Jian
Yredelemnul

Shops:
D:5 (   D:8 *   Orc:2 }:*(!   Elf:2 %   Elf:3 :   Shoals:2 :   Shoals:4 [
Vaults:2 :   Vaults:3 }

Annotations:
D:4 2 transporters, fletch1014's ghost, amateur OgHu
D:5 2 runed translucent doors
D:7 1 runed translucent door, magic78's ghost, novice MiFi
D:11 Urug
D:14 3 runed translucent doors
Lair:1 exclusion: oklob plant
Shoals:4 exclusion: 2 oklob plants
Elf:1 6 runed translucent doors


Innate Abilities, Weirdness & Mutations

You can walk on water.
You have sharp toenails.
You often lose your temper in combat.
You are dopey. (Int -2)
You have an increased reservoir of magic. (+10% MP)
Your system is resistant to poisons. (rPois)
You expend magic power (3 MP) to strengthen your wands.


Message History

* * * LOW HITPOINT WARNING * * *
You hold your ground!
You bludgeon the tengu reaver!!
The tengu reaver is almost dead.
The titan casts a spell at you. The bolt of lightning hits you! You resist.
* * * LOW HITPOINT WARNING * * *
The bolt of lightning hits Oruk!!!
The ironbrand convoker misses you.
Unknown command.
You closely miss the tengu reaver.
The tengu reaver is almost dead.
Unknown command.
You puncture the tengu reaver!
Lightning courses through the tengu reaver!
You kill the tengu reaver!
Beogh accepts your kill.
The golden dragon bites you but does no damage.
The golden dragon claws you but does no damage.
The golden dragon tramples you!
You die...

.#####.#.......'.
.......#.......'..
########.......#.#
########.......###
#......+.......#
#......# #......#
#..[oD.# #..)@p.#
#..)oC.# #......#
########


You could see a titan, a golden dragon (strong), an ironbrand convoker, the
friendly Oruk the orc warlord (strong) and the friendly Jorge the orc knight
(strong).

Vanquished Creatures
  2 liches
  An Ice Fiend (IceCv)
  Jorgrun (D:13)
  A deep elf master archer (Elf:3)
  A deep elf blademaster (Elf:2)
  A titan (Vaults:5)
  Donald (Shoals:4)
  A tengu reaver (Vaults:4)
  6 nagarajas
  4 vault wardens
  7 deep elf sorcerers
  Aizul (Elf:2)
  4 deep elf elementalists (Elf:3)
  A cacodemon (Abyss:2)
  A ghoul (Vaults:1)
  6 ironheart preservers
  A war gargoyle (Vaults:3)
  3 stone giants
  6 deep elf demonologists
  2 deep elf annihilators (Elf:3)
  Azrael (Elf:2)
  An eidolon (Vaults:3)
  2 ettins
  5 deep elf death magi
  3 merfolk javelineers (Shoals:4)
  4 yaktaur captains
  2 fire dragons
  Erolcha (D:12)
  23 vault guards
  4 hydras
  4 merfolk impalers
  2 rakshasas
  7 naga warriors
  4 deep elf high priests
  A great orb of eyes (Abyss:2)
  An ice dragon (Vaults:4)
  Harold (D:8)
  A merfolk avatar (Shoals:3)
  2 catoblepae
  Erica (D:9)
  8 centaur warriors
  4 ogre magi
  5 satyrs (Shoals:3)
  5 merfolk aquamancers
  A tengu warrior (D:9)
  13 two-headed ogres
  10 dancing weapons
  6 death yaks
  A death knight (Vaults:1)
  6 naga sharpshooters
  20 deep elf knights
  2 shock serpents
  2 wretched stars (Abyss:2)
  2 shadow wraiths
  Nergalle (D:10)
  5 sea snakes
  2 salamander mystics
  A fire crab (Shoals:3)
  3 unseen horrors
  A flayed ghost (D:15)
  3 naga ritualists
  2 deep trolls (Vaults:1)
  10 deep elf archers
  A necromancer (D:13)
  10 ironbrand convokers
  2 phantasmal warriors
  Pikel (D:8)
  A wizard (D:13)
  4 orc knights
  7 mana vipers
  35 deep elf magi
  8 manticores
  A harpy (Shoals:2)
  An orc sorcerer (Elf:1)
  22 ugly things
  4 cyclopes
  4 elephants
  13 fauns (Shoals:3)
  8 salamanders
  Joseph (D:7)
  An ice statue (IceCv)
  5 merfolk sirens
  A worldbinder (Abyss:2)
  A frost giant skeleton (Abyss:2)
  6 vault sentinels
  A guardian serpent (Snake:4)
  A guardian serpent (shapeshifter) (Elf:1)
  7 naga magi
  2 water nymphs
  21 black mambas
  9 spiny frogs
  A smoke demon (Abyss:2)
  A gargoyle (D:10)
  Maggie (D:6)
  A torpor snail (Lair:2)
  27 yaktaurs
  8 komodo dragons
  An orange demon (Abyss:2)
  4 rime drakes
  A yaktaur (shapeshifter) (Elf:3)
  14 freezing wraiths
  2 anaconda simulacra (IceCv)
  4 ice devils (IceCv)
  A wind drake (shapeshifter) (Vaults:4)
  4 polar bears
  2 ancient zymes (Abyss:2)
  2 meliai
  A meliai (shapeshifter) (Vaults:1)
  12 merfolk
  A wind drake (Shoals:2)
  8 trolls
  A merfolk (shapeshifter) (Vaults:4)
  2 hornets (Lair:6)
  11 raiju (Abyss:2)
  4 blink frogs
  11 slime creatures
  A meliai zombie (D:15)
  16 hippogriffs
  15 dream sheep
  3 snapping turtles
  6 flying skulls (Abyss:2)
  3 dire elephant simulacra (IceCv)
  3 air elementals
  A spriggan (shapeshifter) (Vaults:2)
  5 spriggans (Lair:6)
  A vampire (D:13)
  13 wyverns
  Eustachio (D:4)
  A shadow (D:12)
  A redback (Vaults:5)
  33 yaks
  3 ynoxinuls (Abyss:2)
  6 fire elementals
  5 water elementals
  6 wraiths
  5 fire bats
  A steam dragon (Lair:3)
  3 hogs (Lair:4)
  A hungry ghost (D:15)
  5 basilisks
  A neqoxec (Abyss:2)
  2 humans (shapeshifter) (Vaults:2)
  14 humans (D:13)
  A vampire mosquito (D:15)
  3 wargs
  A death yak simulacrum (IceCv)
  5 large abominations
  Edmund (D:4)
  A spatial vortex (Abyss:2)
  A human simulacrum (Vaults:2)
  33 nagas
  2 harpy simulacra (IceCv)
  2 acid dragons
  7 water moccasins
  5 hydra simulacra (IceCv)
  2 iron troll simulacra (IceCv)
  6 hell hounds
  6 porcupines
  3 phantoms
  3 starcursed masses (Abyss:2)
  3 ice beasts
  2 sky beasts
  10 black bears
  An ettin simulacrum (IceCv)
  A black bear (shapeshifter) (Vaults:1)
  An eye of draining (D:10)
  18 orc warriors
  19 ogres
  15 wolves
  4 boggarts
  22 centaurs
  A necrophage (D:13)
  14 crocodiles
  6 big kobolds
  22 bullfrogs
  An earth elemental (Elf:1)
  4 small abominations (Abyss:2)
  A wyvern skeleton (D:9)
  12 scorpions
  An elephant simulacrum (IceCv)
  9 killer bees (D:12)
  4 howler monkeys
  An electric eel (Elf:3)
  7 lava snakes (Volcano)
  A bullfrog zombie (D:10)
  4 crimson imps
  3 draconian simulacra (IceCv)
  5 centaur zombies
  2 hounds
  5 jellies
  8 orc wizards
  A gnoll shaman (D:5)
  2 human zombies (Ossuary)
  3 orc priests
  2 bullfrog skeletons
  5 centaur skeletons
  3 iguanas
  5 worker ants
  A spriggan simulacrum (IceCv)
  4 troll simulacra (IceCv)
  A killer bee zombie (D:9)
  2 centaur simulacra (IceCv)
  7 big kobold zombies (Ossuary)
  3 mummies (Ossuary)
  Robin (D:3)
  5 gnolls (D:5)
  2 ogre simulacra (IceCv)
  16 adders
  A howler monkey skeleton (D:7)
  3 scorpion zombies (Ossuary)
  3 naga simulacra (IceCv)
  4 white imps
  8 ufetubi (IceCv)
  An ooze (D:3)
  An adder zombie (D:5)
  6 worms
  4 leopard geckos
  46 orcs
  8 bats
  5 giant cockroaches
  2 gnoll zombies (Ossuary)
  13 goblins
  10 hobgoblins
  5 jackals (D:8)
  4 quokkas
  3 ball pythons
  3 frilled lizards
  2 goblin zombies (Ossuary)
  A hobgoblin zombie (Ossuary)
  24 kobolds
  A kobold zombie (Ossuary)
  An orc zombie (Ossuary)
  2 quokka skeletons
  A rat (D:2)
  3 crawling corpses
  3 plants
1212 creatures vanquished.

Vanquished Creatures (collateral kills)
  An ancient lich (Vaults:4)
  Nikola (Shoals:1)
  2 deep elf blademasters (Elf:3)
  A kraken (Shoals:2)
  A tengu reaver (D:15)
  Kirke (Lair:4)
  A storm dragon (Vaults:4)
  6 nagarajas
  A fire giant (Vaults:2)
  6 deep elf sorcerers
  A vault warden (Vaults:1)
  A frost giant (Shoals:4)
  An orc warlord (Vaults:4)
  A very ugly thing (Vaults:2)
  5 ironheart preservers
  6 slime creatures
  3 deep elf demonologists
  3 deep elf annihilators (Elf:3)
  5 merfolk impalers
  5 deep elf death magi
  A merfolk javelineer (Shoals:2)
  A deep elf high priest (Elf:3)
  2 fire dragons
  2 ice dragons
  4 vault guards (Vaults:4)
  5 yaktaur captains
  3 merfolk avatars
  12 naga warriors
  3 hydras
  2 ogre magi
  7 two-headed ogres
  2 centaur warriors
  A death knight (D:12)
  An alligator snapping turtle (Shoals:4)
  5 anacondas
  16 dancing weapons
  A satyr (Shoals:3)
  5 merfolk aquamancers
  2 shock serpents (Snake:4)
  A vampire mage (Vaults:3)
  A large abomination (Elf:3)
  An orc high priest (Elf:1)
  10 naga sharpshooters
  8 deep elf knights
  A spatial maelstrom (Abyss:2)
  A deep troll (Vaults:1)
  3 salamander mystics (Snake:4)
  4 sea snakes
  11 deep elf archers
  3 wizards
  5 naga ritualists
  An ironbrand convoker (Vaults:5)
  2 orc knights
  A phantasmal warrior (Vaults:4)
  10 ugly things
  22 deep elf magi
  3 harpies (Shoals:2)
  6 fauns
  9 manticores
  An orc sorcerer (Orc:1)
  2 mana vipers (Snake:2)
  4 cyclopes
  3 salamanders
  A salamander (shapeshifter) (Elf:2)
  3 elephants (Lair:5)
  4 merfolk sirens
  7 guardian serpents
  6 naga magi
  A torpor snail (Lair:5)
  Maurice (Orc:1)
  4 spiny frogs
  18 black mambas
  An eye of devastation (shapeshifter) (Vaults:3)
  A black mamba (shapeshifter) (Elf:3)
  2 vault sentinels (Vaults:1)
  An orange demon (Abyss:2)
  7 water nymphs
  A kobold demonologist (D:13)
  A rime drake (shapeshifter) (Elf:2)
  An efreet (D:15)
  3 komodo dragons
  2 freezing wraiths (D:12)
  11 yaktaurs
  4 rime drakes
  13 merfolk
  3 trolls
  5 hornets
  2 wind drakes
  2 polar bears
  2 meliai (D:13)
  10 hippogriffs
  4 dream sheep
  4 blink frogs
  8 snapping turtles
  A hippogriff (shapeshifter) (Vaults:3)
  A flying skull (Abyss:2)
  9 spriggans (Lair:6)
  3 wyverns
  11 water elementals
  2 wraiths
  7 yaks
  3 fire elementals
  3 basilisks
  A basilisk (shapeshifter) (Vaults:1)
  2 hogs (Lair:4)
  A vampire mosquito (D:15)
  3 humans (D:13)
  24 nagas
  A warg (Vaults:3)
  2 acid dragons
  4 water moccasins
  3 hell hounds (Elf:2)
  2 porcupines
  6 orc warriors
  2 sky beasts
  2 black bears
  2 boggarts
  11 centaurs
  5 ogres
  12 wolves
  2 small abominations
  4 bullfrogs
  A killer bee (D:12)
  An electric eel (Lair:6)
  A hound (D:10)
  3 orc priests
  A jelly (Lair:5)
  An orc wizard (Orc:1)
  11 orcs
  3 kobolds (D:12)
  14 butterflies (Vaults:2)
  3 crawling corpses
  40 fungi
  48 plants
629 creatures vanquished.

Vanquished Creatures (others)
  6 orc warlords
  A deep elf annihilator (Elf:3)
  A dancing weapon (Elf:1)
  2 deep elf knights
  15 orc knights
  14 orc priests
  A wizard (D:15)
  A deep elf mage (Elf:2)
  2 orc sorcerers
  25 orc warriors
  8 orc wizards
  A warg (Vaults:5)
  A scorpion (Ossuary)
  A jelly (D:8)
  4 ufetubi (IceCv)
  57 orcs
  18 fungi
  A lurking horror (Abyss:2)
  33 plants
  4 tentacles (Shoals:2)
196 creatures vanquished.

Grand Total: 2037 creatures vanquished

Notes
Turn   | Place    | Note
-------+----------+-------------------------------------------
     0 | D:1      | danr the Hill Orc Fighter began the quest for the Orb.
     0 | D:1      | Reached XP level 1. HP: 19/19 MP: 1/1
    95 | D:1      | Reached XP level 2. HP: 15/27 MP: 2/2
   747 | D:2      | Reached XP level 3. HP: 33/33 MP: 3/3
   946 | D:2      | Reached XP level 4. HP: 36/40 MP: 4/4
  1065 | D:2      | You fall into a shaft and drop 1 floor!
  1272 | D:3      | Reached skill level 4 in Armour
  1272 | D:3      | Reached XP level 5. HP: 44/46 MP: 5/5
  1480 | D:3      | Noticed Robin
  1481 | D:3      | Reached skill level 5 in Axes
  1500 | D:3      | Killed Robin
  2052 | D:3      | Found a shadowy altar of Dithmenos.
  2383 | D:4      | Noticed Eustachio
  2390 | D:4      | Killed Eustachio
  2390 | D:4      | Reached XP level 6. HP: 52/53 MP: 6/6
  2515 | D:4      | Noticed Edmund
  2534 | D:4      | Killed Edmund
  2534 | D:4      | Reached skill level 1 in Dodging
  2534 | D:4      | Reached XP level 7. HP: 45/60 MP: 7/7
  2815 | D:4      | Found a transporter.
  2815 | D:4      | Noticed fletch1014's ghost (amateur OgHu)
  2856 | D:4      | Found a transporter.
  3229 | D:5      | Entered Level 5 of the Dungeon
  3251 | D:5      | Reached skill level 5 in Fighting
  3251 | D:5      | Reached skill level 1 in Maces & Flails
  3251 | D:5      | Reached skill level 5 in Armour
  3315 | D:5      | Found a shadowy altar of Dithmenos.
  3492 | D:5      | Found a runed translucent door.
  3493 | D:5      | Found a runed translucent door.
  3729 | D:5      | Found a hide-covered altar of Uskayaw.
  3744 | D:5      | Found Ycrenem's Weapon Shop.
  3805 | D:5      | Reached XP level 8. HP: 65/69 MP: 8/8
  4025 | D:6      | Found an ornate altar of the Wu Jian Council.
  4144 | D:6      | Found a staircase to the Ecumenical Temple.
  4164 | D:6      | Found a sand-covered staircase.
  4171 | Ossuary  | Entered an ossuary
  4321 | Ossuary  | Reached skill level 6 in Armour
  4337 | Ossuary  | Reached skill level 5 in Maces & Flails
  4823 | D:6      | Reached XP level 9. HP: 78/78 MP: 9/9
  4891 | D:6      | Became a worshipper of Beogh the Brigand
  4892 | D:6      | Found an iron altar of Okawaru.
  4969 | D:6      | Noticed Maggie
  4980 | D:6      | Killed Maggie
  4980 | D:6      | Reached skill level 7 in Armour
  5335 | D:7      | Noticed Joseph
  5359 | D:7      | Killed Joseph
  5579 | D:7      | Reached * piety under Beogh
  5708 | D:7      | Found a runed translucent door.
  5709 | D:7      | Noticed magic78's ghost (novice MiFi)
  5841 | D:7      | Reached skill level 8 in Armour
  5967 | D:7      | Reached XP level 10. HP: 90/90 MP: 10/10
  6493 | D:8      | Noticed a three-headed hydra
  6501 | D:8      | Killed a three-headed hydra
  6501 | D:8      | Reached skill level 10 in Maces & Flails
  6764 | D:8      | Noticed Pikel
  6774 | D:8      | Killed Pikel
  6774 | D:8      | Reached skill level 9 in Armour
  6817 | D:8      | Reached ** piety under Beogh
  7033 | D:8      | Noticed Harold
  7047 | D:8      | Killed Harold
  7047 | D:8      | Reached skill level 10 in Fighting
  7047 | D:8      | Reached XP level 11. HP: 77/99 MP: 6/11
  7138 | D:8      | Found Qitet's General Store.
  7146 | D:8      | Bought a scroll of identify for 24 gold pieces
  7730 | D:9      | Noticed a tengu warrior
  7909 | D:9      | Killed a tengu warrior
  8145 | D:9      | Reached skill level 10 in Armour
  8478 | D:9      | Found a staircase to the Orcish Mines.
  8643 | D:9      | Noticed Erica
  8656 | D:9      | Killed Erica
  8738 | D:9      | Found a burning altar of Makhleb.
  8739 | D:9      | Found a stormy altar of Qazlal.
  8903 | D:9      | Found a snail-covered altar of Cheibriados.
  8917 | D:9      | Identified a scroll of acquirement
  8997 | D:9      | Acquired a +2 crystal plate armour
  9062 | D:10     | Entered Level 10 of the Dungeon
  9129 | D:10     | Killed an unseen horror
  9217 | D:10     | Reached *** piety under Beogh
  9325 | D:10     | Found a basalt altar of Yredelemnul.
  9439 | D:10     | Reached XP level 12. HP: 110/110 MP: 12/12
  9585 | D:10     | Noticed Nergalle
  9592 | D:10     | Killed Nergalle
  9592 | D:10     | Reached skill level 11 in Armour
  9622 | D:10     | You fall into a shaft and drop 2 floors!
  9644 | D:12     | Noticed a death knight
  9646 | D:11     | Noticed Erolcha
  9646 | D:11     | Noticed Urug
  9660 | D:12     | Killed Erolcha
 10276 | D:10     | Found a staircase to the Lair.
 10294 | Lair:1   | Entered Level 1 of the Lair of Beasts
 10794 | Lair:1   | Reached **** piety under Beogh
 10797 | Lair:1   | Reached skill level 12 in Armour
 10813 | Lair:1   | Noticed a six-headed hydra
 10819 | Lair:1   | Killed a six-headed hydra
 11382 | Lair:2   | Found a staircase to the Shoals.
 11448 | Lair:2   | Found a staircase to the Snake Pit.
 11489 | Lair:2   | Noticed a death yak
 11489 | Lair:2   | Noticed a death yak
 11499 | Lair:2   | Killed a death yak
 11503 | Lair:2   | Killed a death yak
 11503 | Lair:2   | Reached skill level 13 in Armour
 11637 | Lair:2   | Found a stormy altar of Qazlal.
 11883 | Lair:2   | Reached XP level 13. HP: 115/119 MP: 13/13
 12118 | Lair:2   | Found a dark tunnel.
 12126 | Volcano  | Entered a volcano
 12347 | Volcano  | Reached ***** piety under Beogh
 12978 | Lair:3   | Reached skill level 14 in Armour
 13815 | Lair:4   | Gained Wargath as an ally
 13850 | Lair:4   | You fall into a shaft and drop 1 floor!
 14234 | Lair:4   | Noticed a fire dragon
 14244 | Lair:4   | Killed a fire dragon
 14366 | Lair:4   | Noticed Kirke
 14367 | Lair:4   | Upgraded the game from 0.25.0-37-gb73750e to
                  | 0.25.0-41-g26779e2
 14385 | Lair:4   | Killed Kirke
 14742 | Lair:5   | Reached skill level 15 in Armour
 15322 | Lair:5   | Found a staircase to the Slime Pits.
 15696 | Lair:5   | Reached XP level 14. HP: 123/133 MP: 12/14
 15802 | Lair:6   | Entered Level 6 of the Lair of Beasts
 15923 | Lair:6   | Reached ****** piety under Beogh
 15927 | Lair:6   | Reached skill level 1 in Evocations
 15942 | Lair:6   | Reached skill level 16 in Armour
 16026 | Lair:6   | Gained Bogmar as an ally
 16164 | Lair:6   | Gained Oruk as an ally
 16435 | Lair:6   | Got a pair of pitted gloves
 16445 | Lair:6   | Identified the cursed +0 pair of gloves "Asyngoxeos"
                  | {*Corrode rPois rF- Int+8 Dex+4} (You found it on level 6
                  | of the Lair of Beasts)
 16656 | Lair:6   | Your ally Bogmar died
 16669 | Lair:6   | Gained Wulfoc as an ally
 16842 | Lair:6   | Reached skill level 15 in Fighting
 17589 | Orc:1    | Entered Level 1 of the Orcish Mines
 17743 | Orc:1    | Noticed Maurice
 17754 | Orc:1    | Killed Maurice
 17757 | Orc:1    | Gained Berold as an ally
 18154 | Orc:2    | Entered Level 2 of the Orcish Mines
 18271 | Orc:2    | Your ally Berold died
 18274 | Orc:2    | Found Urorut's Book Boutique.
 18274 | Orc:2    | Found Huamoh's Assorted Antiques.
 18276 | Orc:2    | Found Wisoup's Gadget Shop.
 18278 | Orc:2    | Found Seebuif's Antique Weapon Shoppe.
 18292 | Orc:2    | Reached skill level 17 in Armour
 18318 | Orc:2    | Bought a scroll of enchant armour for 232 gold pieces
 18318 | Orc:2    | Bought 2 scrolls labeled TEUFOL EVYQOIM for 62 gold pieces
 18318 | Orc:2    | Bought a shiny chain mail for 232 gold pieces
 18321 | Orc:2    | Bought a wand of digging (5) for 216 gold pieces
 18463 | Orc:2    | Reached skill level 5 in Evocations
 18463 | Orc:2    | Reached XP level 15. HP: 99/141 MP: 18/18
 18464 | Orc:2    | Reached skill level 5 in Throwing
 18464 | Orc:2    | Reached XP level 16. HP: 105/149 MP: 19/19
 18792 | Shoals:1 | Entered Level 1 of the Shoals
 18797 | Shoals:1 | Found a frozen archway.
 18798 | Shoals:1 | Noticed Nikola
 18798 | Shoals:1 | Your ally Wulfoc died
 18809 | Shoals:1 | Killed Nikola
 18825 | Shoals:1 | Gained Horkud as an ally
 18830 | Shoals:1 | Gained Hawl as an ally
 18834 | Shoals:1 | Your ally Bogmar died
 18884 | IceCv    | Entered an ice cave
 19067 | IceCv    | Reached skill level 1 in Spellcasting
 19756 | IceCv    | Noticed an Ice Fiend
 19769 | IceCv    | Reached XP level 17. HP: 89/157 MP: 9/21
 20298 | IceCv    | Killed an Ice Fiend
 20348 | IceCv    | Got a pair of brightly glowing boots
 20358 | IceCv    | Identified the +2 pair of boots of the End {rN+ MR+ Dex+3
                  | Stlth+} (You found it in an ice cave)
 20985 | Shoals:2 | Gained Arbolt as an ally
 20995 | Shoals:2 | Your ally Horkud died
 21033 | Shoals:2 | Reached skill level 18 in Armour
 21500 | Shoals:2 | Found Vacvydijio's Book Boutique.
 21541 | Shoals:2 | Noticed a kraken
 21557 | Shoals:2 | Killed a kraken
 21979 | Shoals:2 | Gained Wardok as an ally
 22341 | Shoals:3 | Your ally Wardok died
 22353 | Shoals:3 | Your ally Oruk died
 22368 | Shoals:3 | Gained Wulfoc as an ally
 22371 | Shoals:3 | Your ally Arbolt died
 22861 | Shoals:3 | Found a transporter.
 22920 | Shoals:3 | Gained Orbeogh as an ally
 23237 | Shoals:3 | Found a transporter.
 23437 | Shoals:3 | Got a smoking marble ring
 23450 | Shoals:3 | Got a flickering silver ring
 23485 | Shoals:3 | Your ally Wulfoc died
 23619 | Shoals:3 | Identified the cursed ring of the Heavens {*Corrode MR+
                  | Int+3 Dex-4 SInv} (You found it on level 3 of the Shoals)
 23622 | Shoals:3 | Identified the ring of Larphau {Ice rPois} (You found it on
                  | level 3 of the Shoals)
 23826 | Snake:1  | Entered Level 1 of the Snake Pit
 24342 | Snake:1  | Found a basalt altar of Yredelemnul.
 25721 | Snake:2  | Reached XP level 18. HP: 168/168 MP: 24/24
 25721 | Snake:2  | Identified the +7 longbow of Analysis {venom, rC++ Int+3}
 25722 | Snake:2  | Upgraded the game from 0.25.0-41-g26779e2 to
                  | 0.25.0-45-g9783441
 25761 | Snake:2  | Reached skill level 5 in Dodging
 25855 | Snake:2  | Got an ancient plate armour
 25868 | Snake:2  | Reached skill level 19 in Armour
 25946 | Snake:2  | Identified the +12 plate armour of the Three Knives {+Fly
                  | rPois Dex+6} (You found it on level 2 of the Snake Pit)
 26264 | Snake:3  | Gained Boderik as an ally
 27803 | Snake:4  | Entered Level 4 of the Snake Pit
 27930 | Snake:4  | Reached skill level 5 in Spellcasting
 28836 | Snake:4  | Reached skill level 20 in Armour
 29149 | Snake:4  | Reached XP level 19. HP: 147/177 MP: 26/26
 29320 | Snake:4  | Got a serpentine rune of Zot
 29584 | Orc:2    | Bought a lightning rod (4/4) for 480 gold pieces
 29951 | Shoals:4 | Entered Level 4 of the Shoals
 30071 | Shoals:4 | Learned a level 1 spell: Sandblast
 30548 | Shoals:4 | Identified the ring "Leduin" {Fire rElec MP+9 Str+2}
 30630 | Shoals:4 | Got a twitching platinum ring
 30632 | Shoals:4 | Identified the ring "Noathir" {Dex+8 Stlth-} (You found it
                  | on level 4 of the Shoals)
 30646 | Shoals:4 | Noticed Donald
 30656 | Shoals:4 | Killed Donald
 30728 | Shoals:4 | Found Pedierad's Armour Shop.
 31299 | D:12     | Identified the Grimoire of Flames and Good Luck
 31760 | D:13     | Reached skill level 10 in Evocations
 31814 | D:13     | Noticed Jorgrun
 31836 | D:13     | Killed Jorgrun
 32477 | D:13     | Found a gate to the Vaults.
 33571 | D:14     | Found a runed translucent door.
 33627 | D:14     | Found a runed translucent door.
 33638 | D:14     | Found a runed translucent door.
 33864 | D:15     | Entered Level 15 of the Dungeon
 33953 | D:15     | Found a shadowy altar of Dithmenos.
 34022 | D:15     | Paralysed by a wizard for 2 turns
 34268 | D:15     | Found a runed translucent door.
 34313 | D:15     | Reached skill level 21 in Armour
 34332 | D:15     | Got a steaming cloak
 34342 | D:15     | Identified the cursed -5 cloak of Gaoppisk {*Contam rElec
                  | rPois MR+} (You found it on level 15 of the Dungeon)
 35420 | Shoals:4 | Got a barnacled rune of Zot
 35702 | Orc:2    | Gained Learuk as an ally
 35751 | Orc:2    | Found Viruy's Distillery.
 35759 | Orc:2    | Bought a potion of haste for 130 gold pieces
 35759 | Orc:2    | Bought a potion of heal wounds for 65 gold pieces
 35759 | Orc:2    | Bought 2 potions of mutation for 208 gold pieces
 35759 | Orc:2    | Bought a potion of heal wounds for 65 gold pieces
 35886 | Orc:2    | Found a staircase to the Elven Halls.
 36237 | Elf:1    | Entered Level 1 of the Elven Halls
 36250 | Elf:1    | Reached XP level 20. HP: 188/188 MP: 28/28
 37347 | Elf:1    | Identified the +12 chain mail of Rastroung {*Drain +Inv
                  | rElec rC+++}
 37936 | Elf:1    | Found a runed translucent gate.
 37936 | Elf:1    | Found a runed translucent gate.
 37936 | Elf:1    | Found a runed translucent gate.
 37936 | Elf:1    | Found a runed translucent gate.
 37936 | Elf:1    | Found a runed translucent gate.
 37971 | Elf:1    | Acquired the +0 pair of gloves of the Echidna {rF+ Regen+
                  | SInv}
 38157 | Elf:1    | Found a runed translucent gate.
 38230 | Elf:2    | Found a runed translucent gate.
 38230 | Elf:2    | Found a runed translucent gate.
 38230 | Elf:2    | Found a runed translucent gate.
 38470 | Elf:2    | Found Coeveo's Food Emporium.
 38686 | Elf:2    | Found a radiant altar of Vehumet.
 38686 | Elf:2    | Noticed Azrael
 38703 | Elf:2    | Killed Azrael
 39026 | Elf:2    | Noticed Aizul
 39041 | Elf:2    | Killed Aizul
 39481 | Elf:2    | Upgraded the game from 0.25.0-45-g9783441 to
                  | 0.25.0-46-gbd7b085
 39601 | Elf:3    | Entered Level 3 of the Elven Halls
 39960 | Elf:3    | Found Tocabyon's Book Shop.
 40230 | Elf:3    | Got a flickering crystal amulet
 40232 | Elf:3    | Identified the amulet "Gieckipn" {Acrobat +Inv} (You found
                  | it on level 3 of the Elven Halls)
 40262 | Elf:3    | Noticed a Tzitzimitl
 40266 | Elf:3    | Reached XP level 21. HP: 147/196 MP: 30/30
 40297 | Elf:3    | Your ally Orbeogh died
 40298 | Elf:3    | Your ally Hawl died
 40299 | Elf:3    | Reached skill level 22 in Armour
 40304 | Elf:3    | Cast into level 2 of the Abyss (a deep elf demonologist)
 40560 | Abyss:2  | Gained mutation: You are dopey. (Int -2) [mutagenic glow]
 40685 | Abyss:2  | Gained Orkwin as an ally
 40685 | Abyss:2  | Gained Bolgrim as an ally
 40733 | Abyss:2  | Gained mutation: You tend to lose your temper in combat. [a
                  | neqoxec]
 40737 | Abyss:2  | Your ally Orkwin died
 40738 | Abyss:2  | Gained mutation: You are very dopey. (Int -4) [a cacodemon]
 40738 | Abyss:2  | Gained mutation: You are frail. (-10% HP) [mutagenic glow]
 40739 | Abyss:2  | Gained mutation: You often lose your temper in combat. [a
                  | cacodemon]
 41065 | Abyss:2  | Gained Judas as an ally
 41138 | Elf:3    | Escaped the Abyss
 41200 | Elf:3    | Identified the Guide on Conjuration
 41202 | Elf:3    | Identified the Volume of the Shifting Oath
 41522 | Elf:3    | Lost mutation: You are frail. (-10% HP) [potion of
                  | mutation]
 41522 | Elf:3    | Lost mutation: You are very dopey. (Int -4) [potion of
                  | mutation]
 41522 | Elf:3    | Gained mutation: Your system is resistant to poisons.
                  | (rPois) [potion of mutation]
 41522 | Elf:3    | Gained mutation: You have sharp toenails. [potion of
                  | mutation]
 41522 | Elf:3    | Gained mutation: You expend magic power (3 MP) to
                  | strengthen your wands. [potion of mutation]
 41522 | Elf:3    | Gained mutation: You have an increased reservoir of magic.
                  | (+10% MP) [potion of mutation]
 41578 | Elf:3    | Identified the Grimoire of Lightness and Dark Secrets
 41585 | Elf:3    | Got a pair of dazzling boots
 41595 | Elf:3    | Identified the +1 pair of boots of Spring Thaw {Slay+5}
                  | (You found it on level 3 of the Elven Halls)
 41631 | Elf:3    | Learned a level 1 spell: Animate Skeleton
 41636 | Elf:3    | Learned a level 4 spell: Sticky Flame
 41638 | Elf:3    | Learned a level 1 spell: Apportation
 41640 | Elf:3    | Learned a level 1 spell: Corona
 41642 | Elf:3    | Learned a level 1 spell: Foxfire
 41644 | Elf:3    | Learned a level 1 spell: Pain
 41646 | Elf:3    | Learned a level 1 spell: Shock
 41648 | Elf:3    | Learned a level 1 spell: Sting
 41650 | Elf:3    | Learned a level 1 spell: Summon Small Mammal
 41653 | Elf:3    | Learned a level 2 spell: Call Imp
 42119 | Vaults:1 | Entered Level 1 of the Vaults
 43558 | Vaults:1 | Gained Boderik as an ally
 43753 | Vaults:2 | Found a huge runed gate.
 43753 | Vaults:2 | Found a huge runed gate.
 43753 | Vaults:2 | Found a huge runed gate.
 43753 | Vaults:2 | Found a huge runed gate.
 43753 | Vaults:2 | Found a huge runed gate.
 43753 | Vaults:2 | Found a huge runed gate.
 43753 | Vaults:2 | Found a huge runed gate.
 43754 | Vaults:2 | Found a huge runed gate.
 43754 | Vaults:2 | Found a huge runed gate.
 43754 | Vaults:2 | Found a huge runed gate.
 43778 | Vaults:2 | Found a huge runed gate.
 43778 | Vaults:2 | Found a huge runed gate.
 43778 | Vaults:2 | Found a huge runed gate.
 43778 | Vaults:2 | Found a huge runed gate.
 43778 | Vaults:2 | Found a huge runed gate.
 43778 | Vaults:2 | Found a huge runed gate.
 43778 | Vaults:2 | Found a huge runed gate.
 43779 | Vaults:2 | Found a huge runed gate.
 43780 | Vaults:2 | Found a huge runed gate.
 43788 | Vaults:2 | Found a huge runed gate.
 43788 | Vaults:2 | Found a huge runed gate.
 43788 | Vaults:2 | Found a huge runed gate.
 43788 | Vaults:2 | Found a huge runed gate.
 43788 | Vaults:2 | Found a huge runed gate.
 43788 | Vaults:2 | Found a huge runed gate.
 43788 | Vaults:2 | Found a huge runed gate.
 43792 | Vaults:2 | Found a huge runed gate.
 43793 | Vaults:2 | Found a huge runed gate.
 43801 | Vaults:2 | Found a huge runed gate.
 43801 | Vaults:2 | Found a huge runed gate.
 43801 | Vaults:2 | Found a huge runed gate.
 43801 | Vaults:2 | Found a huge runed gate.
 43801 | Vaults:2 | Found a huge runed gate.
 43801 | Vaults:2 | Found a huge runed gate.
 43801 | Vaults:2 | Found a huge runed gate.
 43852 | Vaults:2 | Got a polished mace
 43852 | Vaults:2 | Identified the +9 mace of Nautumu {flame, +Fly rF++} (You
                  | found it on level 2 of the Vaults)
 43882 | Vaults:2 | Identified the Reference Book on the Scorching Compass
 44177 | Vaults:2 | Your ally Boderik died
 44211 | Vaults:2 | Your ally Wargath died
 44789 | Vaults:2 | Found Cantagun's Book Emporium.
 44969 | Vaults:2 | Reached XP level 22. HP: 206/206 MP: 35/35
 45487 | Vaults:3 | Got a crude golden amulet
 45487 | Vaults:3 | Identified the amulet "Ewiem" {Acrobat Int+4 Dex+4} (You
                  | found it on level 3 of the Vaults)
 45593 | Vaults:3 | Found Tymeerr's Gadget Boutique.
 45596 | Vaults:3 | Bought a wand of iceblast (9) for 169 gold pieces
 45596 | Vaults:3 | Bought a wand of flame (8) for 65 gold pieces
 45596 | Vaults:3 | Bought a wand of flame (20) for 143 gold pieces
 46365 | Vaults:3 | Reached skill level 10 in Dodging
 46652 | Vaults:3 | Gained Jorge as an ally
 46875 | Vaults:3 | Found a staircase to the Crypt.
 47456 | Vaults:5 | Entered Level 5 of the Vaults
 47520 | Vaults:4 | Reached skill level 23 in Armour
 47873 | Vaults:4 | Reached skill level 10 in Throwing
 48023 | Vaults:5 | Noticed a golden dragon
 48030 | Vaults:5 | Noticed an ancient lich
 48041 | Vaults:5 | Your ally Hawl died
 48047 | Vaults:4 | Your ally Wargath died
 48059 | Vaults:4 | Killed an ancient lich
 48248 | Vaults:5 | Identified the +2 whip "Zuuscheoj" {vorpal, Fragile +Fly
                  | rPois Dex+6}
 48251 | Vaults:5 | Your ally Boderik died
 48252 | Vaults:5 | Your ally Learuk died
 48263 | Vaults:4 | HP: 8/313 [titan/bolt of lightning (16)]
 48265 | Vaults:4 | Slain by a golden dragon

Illustrated notes

Levels and vault maps discovered:
D:1:      moated_graveyard_arrival, layout_rooms, serial_rivers,
          chequers_serial_rivers_micro_a, chequers_serial_rivers_marsh,
          chequers_serial_rivers_small_3, chequers_serial_rivers_micro_c,
          chequers_serial_rivers_small_b, chequers_serial_rivers_room_b
D:2:      layout_loops_ring, lemuel_coloured_pillars_altar
D:3:      layout_basic, lemuel_doored_altar, uniq_robin
D:4:      layout_basic, serial_glass, glass_columns_a, glass_columns_a,
          gammafunk_ghost_mausoleum, uniq_eustachio, uniq_edmund
D:5:      lemuel_insect_pit, layout_gridville, eat_drink_and_be_merry_uskayaw,
          serial_shops, shop, first_ration, basic_altar, nrook_mini_vaults
D:6:      layout_gridville, nicolae_overflow_crystal_walls,
          kennysheep_mini_moat, minmay_temple_entry_wispy, enter_ossuary_1,
          uniq_maggie
D:7:      layout_basic, gammafunk_ghost_grave, minivault_10, uniq_joseph
D:8:      layout_loops_ring, serial_shops, shop, hangedman_ranch
          [blue_anna_fruit_fields], minmay_statues_item, uniq_pikel, uniq_harold
D:9:      minmay_the_grid_4x2 [minmay_the_grid_aliased_spiral,
          minmay_the_grid_outer_diamond, minmay_the_grid_plusring,
          minmay_the_grid_broken_lines, minmay_the_grid_holed_spiral,
          minmay_the_grid_outer_circle, minmay_the_grid_dragon_a,
          minmay_the_grid_prize_big_room], layout_cave_pods,
          gammafunk_temple_overflow_statue, orc_0_dummy, cheibriados_altar_1,
          uniq_erica
D:10:     layout_roguey [special_room_orc], david_lair_shrubbed,
          minmay_liquid_box, yredelemnul_altar_generic, uniq_nergalle
D:11:     layout_long_grid, nicolae_gozag_cash_rules_everything_around_me,
          uniq_josephine, uniq_erolcha, uniq_urug, uniq_grum
D:12:     layout_long_grid, eino_jars
D:13:     layout_loops_ring, grunt_vaults_entry_tiered, uniq_jorgrun
D:14:     layout_roguey [special_room_mythical_zoo],
          chequers_hall_statues_corner_a, st_stairs_5, mikee_hates_you
D:15:     grunt_enter_depths_magical_seal, layout_rooms,
          nicolae_dithmenos_through_a_glass_darkly, minivault_13
Lair:1:   layout_loops_ring, infiniplex_staircase_pool_2,
          minmay_lair_oklob_chamber
Lair:2:   beast_lair_carwin_large_3, layout_cave_pods,
          elwin_shoals_entry_stream, basic_altar, nicolae_volcano_entry_s_turn
Lair:3:   layout_small_grid, hibernation_bobbens, grunt_megastairs_5
Lair:4:   dragon1_lemuel, layout_cave_pods, grunt_megastairs_1, uniq_kirke
Lair:5:   layout_small_grid, minmay_slime_entry_pillars,
          minmay_shattered_shrine, grunt_megastairs_4
Lair:6:   minmay_lair_end_enchanted_forest, layout_misc_corridors, special_room
          [special_room_mythical_zoo], serial_bayou_shore_a,
          infiniplex_staircase_pool
Shoals:1: layout_shoals, portal_ice_cave_entry_pillars_three,
          nicolae_shoals_water_shrine, uniq_nikola
Shoals:2: layout_shoals, serial_shops, shop
Shoals:3: gammafunk_its_a_trap, layout_shoals, hangedman_shoal_volcano,
          uniq_polyphemus
Shoals:4: shoals_end_grunt_ice, layout_shoals, serial_shops,
          nicolae_shop_competitors_out_of_business,
          nicolae_shoals_this_corrosion, uniq_donald
Snake:1:  layout_cave_pods, basic_altar, st_stairs_13, drop_trap
Snake:2:  layout_grid_maze
Snake:3:  layout_grid_maze
Snake:4:  johnstein_snake_rune_scales, layout_chambers
Orc:1:    layout_caves, uniq_maurice
Orc:2:    st_orc_rangers, layout_diamond_mine, serial_shops, shop
Elf:1:    eino_elf_arrival_sip, layout_geoelf_octagon, orc_legates
Elf:2:    layout_onion_city, serial_shops, shop, abandoned_shop,
          guppyfry_elf_altar, uniq_azrael, uniq_aizul
Elf:3:    minmay_elf_hall_spiked, layout_geoelf_castle, serial_shops,
          nicolae_shop_crystal
Vaults:1: vaults_room_pools, nicolae_vaults_little_ls, hangedman_vaults_hat,
          nicolae_vaults_network_square, nicolae_vaults_big_ls,
          nicolae_vaults_big_angled_halls, hangedman_vaults_pinch,
          ontoclasm_vaults_twist, grunt_vaults_hallway_long, v_rooms_6,
          layout_vaults_maze
Vaults:2: ontoclasm_vaults_gateway, vaults_not_door_vault_mu, v_misc_1,
          ontoclasm_vaults_shuriken, grunt_vaults_bifocal,
          nicolae_vaults_mini_display_case, nicolae_vaults_network_barrier,
          v_pattern_3, nicolae_vaults_little_squares_4, vaults_dpeg_hooks,
          v_misc_25, nicolae_vaults_little_squares_1, vaults_room_pool,
          layout_vaults_ring, serial_shops, shop
Vaults:3: v_alt_pattern_6, minmay_crypt_entry_simple_box, nicolae_vaults_theta,
          v_misc_5, nicolae_vaults_little_squares_4, nicolae_vaults_octagons,
          layout_vaults_omnigrid, serial_shops, nicolae_shop_behind_doors
Vaults:4: vaults_dpeg_encased_lava, hangedman_vaults_corner_blocks,
          ontoclasm_vaults_misaligned, vaults_room_hallway, v_misc_27,
          v_misc_16, v_pattern_2, ontoclasm_vaults_decontamination, v_misc_24,
          v_misc_30, vaults_mumra_hexcomb, vaults_standard_mumra_lines,
          layout_vaults_omnicross
Vaults:5

Skill      XL: |  1  2  3  4  5  6  7  8  9 10 11 12 13 14 15 16 17 18 19 20 21 22 |
---------------+-------------------------------------------------------------------+-----
Axes           | 3 4 6 |  6.5
Shields        | 4 |  4.9
Fighting       | 4 5 6 8 10 11 12 14 15 16 17 18 19 | 19.8
Armour         | 4 5 6 8 9 10 13 15 17 18 20 21 22 23 | 23.2
Dodging        | 1 2 4 6 8 9 10 | 10.4
Maces & Flails | 3 6 9 11 13 14 | 14.0
Evocations     | 5 7 9 10 12 13 14 | 14.7
Throwing       | 3 5 7 8 9 10 | 10.1
Invocations    | 4 |  4.3
Spellcasting   | 1 4 5 6 |  6.8
Stealth        | |  0.2

Action                   |  1- 3 |  4- 6 |  7- 9 | 10-12 | 13-15 | 16-18 | 19-21 | 22-24 || total
-------------------------+-------+-------+-------+-------+-------+-------+-------+-------++-------
Melee: War axe           |    95 |   148 |       |       |       |       |       |       ||   243
       Dire flail        |       |       |   332 |   570 |   519 |   766 |  1507 |   446 ||  4140
Throw: Dart              |       |     4 |     9 |    27 |    27 |    13 |     8 |     3 ||    91
       Boomerang         |       |       |       |       |       |     2 |    11 |       ||    13
       Javelin           |       |       |       |       |       |       |    14 |       ||    14
Invok: Convert to Beogh  |       |       |     1 |       |       |       |       |       ||     1
       Smiting           |       |       |       |     5 |       |     2 |     2 |     4 ||    13
       Recall Orcish Fol |       |       |       |       |     7 |     7 |    14 |    10 ||    38
       Give Item to Name |       |       |       |       |     4 |     8 |     1 |     1 ||    14
       Resurrection      |       |       |       |       |     1 |     2 |     4 |     1 ||     8
       Stop Recall       |       |       |       |       |     1 |       |       |       ||     1
 Abil: Evoke Invisibilit |       |       |       |       |       |       |     5 |       ||     5
Evoke: Wand              |       |       |       |       |    11 |    86 |    43 |     8 ||   148
       Phial of floods   |       |       |       |       |       |     4 |     2 |     1 ||     7
       Box of beasts     |       |       |       |       |       |     3 |       |     1 ||     4
       Lightning rod     |       |       |       |       |       |       |    10 |     9 ||    19
  Use: Scroll            |     2 |     5 |     8 |    15 |    13 |    10 |    17 |     1 ||    71
       Potion            |       |     1 |       |     6 |     3 |    12 |    13 |     7 ||    42
 Stab: Distracted        |       |       |       |     1 |     2 |     2 |     3 |     7 ||    15
       Paralysed         |       |       |       |       |       |     2 |     1 |       ||     3
       Invisible         |       |       |       |       |       |       |     1 |       ||     1
  Eat: Chunk             |       |     6 |    11 |    19 |    17 |    13 |    36 |     9 ||   111
       Ration            |       |       |       |       |     1 |     6 |     5 |     1 ||    13
Armor: Scale mail        |    52 |    42 |       |       |       |       |       |       ||    94
       Chain mail        |       |       |   148 |    95 |       |       |   299 |   262 ||   804
       Crystal plate arm |       |       |       |   198 |   305 |   405 |       |       ||   908
       Plate armour      |       |       |       |    14 |       |   190 |   400 |       ||   604
       Skin              |       |       |       |       |       |       |    25 |       ||    25
Dodge: Dodged            |    31 |    36 |   153 |   236 |   196 |   544 |   993 |   333 ||  2522
Block: Kite shield       |    61 |    86 |       |       |       |       |       |       ||   147
